 Dungeon Crawl Stone Soup version 0.31.0-32-g396128a36d (webtiles) character file.

Game seed: 6575927963898744533

198 jagang the Slasher (level 5, 0/42 HPs)
             Began as a Human Monk on Mar 13, 2024.
             Slain by Pikel
             ... wielding a +1 whip of flaming
              (4 damage)
             ... on level 4 of the Dungeon.
             The game lasted 00:05:49 (2817 turns).

jagang the Slasher (Human Monk)                     Turns: 2817, Time: 00:05:54

Health: 0/42       AC:  9    Str: 11    XL:     5   Next: 76%
Magic:  5/5        EV: 14    Int: 10    God:
Gold:   218        SH:  0    Dex: 18    Spells: 4/4 levels left

rFire   . . .        y - +0 rapier
rCold   . . .        d - orb {light}
rNeg    . . .        v - +0 scale mail
rPois   .            n - +1 helmet
rElec   .            (no cloak)
rCorr   .            (no gloves)
SInv    .            t - +0 pair of boots
Will    .....        p - amulet of regeneration Stlth
                     m - +5 ring of evasion
HPRegen 1.07/turn    o - ring of flight
MPRegen 0.09/turn

%: no passive effects
@: flying, glowing
A: explore regen
a: no special abilities


You were on level 4 of the Dungeon.
You visited 1 branch of the dungeon, and saw 4 of its levels.

You collected 218 gold pieces.

Inventory:

Hand Weapons
 a - a +0 falchion
 y - a +0 rapier (weapon)
Armour
 d - an orb of light (worn)
 n - a +1 helmet (worn)
 t - a +0 pair of boots (worn)
 v - a +0 scale mail (worn)
Jewellery
 m - a +5 ring of evasion (left hand)
 o - a ring of flight (right hand)
 p - an amulet of regeneration (around neck)
Wands
 w - a wand of mindburst (20)
Scrolls
 b - a scroll of fog {unknown}
 h - a scroll of amnesia
 i - a scroll of enchant weapon
 j - a scroll of teleportation
 l - a scroll of fear
 q - a scroll of enchant armour {unknown}
 s - a scroll of noise {unknown}
 u - a scroll of poison {unknown}
Potions
 c - a potion of ambrosia
 e - a potion of degeneration {unknown}
 f - a potion of enlightenment {unknown}
 g - 2 potions of resistance {unknown}
 k - a potion of magic {unknown}
 r - a potion of heal wounds {unknown}
 x - a potion of curing {unknown}


   Skills:
 + Level 4.3 Fighting
 * Level 5.4 Long Blades
 - Level 3.0 Dodging


You had 4 spell levels left.
You didn't know any spells.
Your spell library contained the following spells:

 Spells                   Type           Power      Damage    Failure   Level
 Kiss of Death            Conj/Necr      0%         2d5       94%         1
 Scorch                   Fire           0%         2d5       98%         2
 Confusing Touch          Hex            0%         N/A       100%        3
 Dispel Undead            Necr           0%         3d6       100%        4
 Flame Wave               Conj/Fire      0%         2d4       100%        4
 Summon Cactus Giant      Summ           0%         N/A       100%        6


Dungeon Overview and Level Annotations

Branches:
Dungeon (4/15)
 Temple: D:4-7

Altars:

Shops:
D:3 [

Annotations:
D:4 Pikel


Innate Abilities, Weirdness & Mutations

You regain HP and MP as you explore.


Message History

Pikel is severely wounded.
Pikel closely misses you.
You hit Pikel.
Pikel is severely wounded.
Pikel hits you with a +1 whip of flaming.
Pikel burns you.
You hit Pikel.
Pikel is severely wounded.
Pikel misses you.
You hit Pikel but do no damage.
Pikel is severely wounded.
Pikel completely misses you.
You closely miss Pikel.
Pikel is severely wounded.
Pikel hits you with a +1 whip of flaming.
Pikel burns you. Pikel hits you but does no damage.
You puncture Pikel!
Pikel is almost dead.
Pikel misses you.
You hit Pikel but do no damage.
Pikel is almost dead.
Pikel hits you with a +1 whip of flaming.
Pikel burns you.
You closely miss Pikel.
Pikel is almost dead.
Pikel zaps a wand.
The puff of flame hits you!
You hit Pikel but do no damage.
Pikel is almost dead.
Pikel zaps a wand.
The puff of flame hits you.
* * * LOW HITPOINT WARNING * * *
You hit Pikel.
Pikel is almost dead.
Pikel misses you.
You hit Pikel.
Pikel is almost dead.
Pikel hits you with a +1 whip of flaming!
* * * LOW HITPOINT WARNING * * *
Pikel burns you.
You die...
Pikel says, "See you in Hell!"

.........[.#..####..#.......##.##
......K.w......##....#.......###
...........#..#####..##........##
.....##...##...# ...####........#
.....###.5##...##...# #......###
.....# #...........# ##....##
.....###...#..J5w.## #....####
......#.#.##.##K### ##......#
..##............@## #.......
..###.###..........# #.......
......# ##..........# ####.#.#
......####......##.## #.#.#
.........†......#... #####
........#...........#
....#...............#
.........#..........#
...........######..


You could see Pikel, a lemure and an endoplasm.

Vanquished Creatures
  A lemure (D:4)
  An iguana (D:4)
  An orc priest (D:3)
  An orc wizard (D:3)
  Robin (D:2)
  2 adders (D:2)
  A ribbon worm (D:2)
  3 orcs (D:3)
  7 bats
  7 endoplasms
  2 giant cockroaches
  16 goblins
  12 hobgoblins
  4 jackals (D:1)
  4 kobolds
  A quokka (D:1)
  4 ball pythons
  2 frilled lizards
  4 rats (D:1)
74 creatures vanquished.

Notes
Turn   | Place    | Note
-------+----------+-------------------------------------------
     0 | D:1      | jagang the Human Monk began the quest for the Orb.
     0 | D:1      | Reached XP level 1. HP: 18/18 MP: 1/1
    71 | D:1      | Reached XP level 2. HP: 12/24 MP: 2/2
   412 | D:1      | Reached XP level 3. HP: 29/29 MP: 3/3
  1070 | D:2      | Reached skill level 4 in Long Blades
  1290 | D:2      | Noticed Robin
  1299 | D:2      | Killed Robin
  1300 | D:2      | Reached XP level 4. HP: 17/36 MP: 4/4
  1594 | D:2      | Found a faded altar of an unknown god.
  2150 | D:3      | Found Istaprea's Antique Armour Boutique.
  2246 | D:3      | Reached XP level 5. HP: 18/42 MP: 5/5
  2271 | D:3      | Reached skill level 5 in Long Blades
  2739 | D:4      | Noticed a lemure
  2752 | D:4      | Noticed Pikel
  2756 | D:4      | Noticed a lemure
  2757 | D:4      | Noticed a lemure
  2757 | D:4      | Noticed a lemure
  2792 | D:4      | Killed a lemure
  2817 | D:4      | Slain by Pikel

Illustrated notes

Levels and vault maps discovered:
D:1:      minmay_arrival_stair_chambers, layout_basic
D:2:      layout_loops_corners, shapermc_ecumenical_altar_mp_vishouse,
          uniq_robin
D:3:      layout_basic, serial_shops, nicolae_lakefront_shop, kennysheep_potato
D:4:      layout_cave_pools, uniq_natasha, uniq_pikel, uniq_edmund

Skill      XL: |  1  2  3  4  5 |
---------------+----------------+-----
Long Blades    | 4 5 |  5.4
Fighting       | 4 |  4.3
Dodging        | |  3.0

Action                     |  1- 3 |  4- 6 || total
---------------------------+-------+-------++-------
  Melee: Falchion          |    90 |   135 ||   225
         Rapier            |       |    26 ||    26
    Use: Scroll            |       |     4 ||     4
 Armour: Robe              |    53 |     7 ||    60
         Leather armour    |       |    27 ||    27
         Scale mail        |       |    48 ||    48
  Dodge: Dodged            |    61 |   128 ||   189
